 Dungeon Crawl Stone Soup version 0.29-a0-330-g52719c12eb (webtiles) character file.

Game seed: 2833641666385680021

471 night the Archer (level 7, -7/60 HPs)
             Began as a Tengu Hunter on Apr 30, 2022.
             Was a Believer of Sif Muna.
             Killed by divine providence
             ... invoked by an orc priest
              (12 damage)
             ... on level 3 of the Dungeon.
             The game lasted 00:06:52 (2813 turns).

night the Archer (Tengu Hunter)                     Turns: 2813, Time: 00:06:53

Health: -7/60      AC: 30    Str: 11    XL:     7   Next: 9%
Magic:  8/8        EV:  2    Int:  9    God:    Sif Muna [**....]
Gold:   176        SH:  0    Dex: 20    Spells: 6/6 levels left

rFire   + + .      SeeInvis .   h - +0 mace (protect)
rCold   + . .      Faith    .   (no shield)
rNeg    . . .      Spirit   .   (body armour currently unavailable)
rPois   +          Reflect  .   (helmet currently unavailable)
rElec   +          Harm     .   (cloak currently unavailable)
rCorr   +          Rampage  .   (gloves currently unavailable)
Will    .....      NoTele   +   (boots unavailable)
Stlth   ++........              (no amulet)
HPRegen 0.20/turn               d - ring of protection from fire
MPRegen 0.11/turn               (no ring)

@: tree-form, resistant, under a protective aura, attractive
A: stationary, stasis, torment immunity, boosted hp, (beak), (talons 3), nimble
flight
a: Renounce Religion, Channel Magic


You were on level 3 of the Dungeon.
You worshipped Sif Muna.
Sif Muna was pleased with you.
You were a tree.
You visited 1 branch of the dungeon, and saw 3 of its levels.

You collected 176 gold pieces.

Inventory:

Hand Weapons
 a - a +1 shortbow
 h - a +0 mace of protection (weapon)
 p - a +1 dagger of freezing
 r - a +1 dagger of draining
Missiles
 k - 33 stones (quivered)
Armour
 b - a +0 leather armour (melded)
 f - a +1 cloak (melded)
Jewellery
 d - a ring of protection from fire (left branch)
 l - a +6 ring of intelligence
Scrolls
 c - 2 scrolls of immolation
 g - a scroll of noise
 i - a scroll of fear {unknown}
 j - 3 scrolls of identify
 s - a scroll of summoning
Potions
 e - a potion of magic
 q - a potion of berserk rage


   Skills:
 + Level 2.4 Fighting
 + Level 8.9 Bows
 - Level 2.1 Dodging
 - Level 1.0 Stealth


You had 6 spell levels left.
You didn't know any spells.
Your spell library was empty.

Dungeon Overview and Level Annotations

Branches:
Dungeon (3/15)

Altars:
Dithmenos
Fedhas
Sif Muna

Annotations:
D:3 3 runed translucent doors, gruber's ghost, novice DjWz


Innate Abilities, Weirdness & Mutations

You are a tree.
Your roots penetrate the ground, keeping you stationary.
You cannot be teleported.
You are immune to unholy pain and torment.
Your maximum health is greatly increased.
Your equipment is partially melded.
((You have a beak for a mouth.))
((You have claws for feet.))
Your magical nature lets you fly swiftly and evasively.


Message History

Okay, then.
Shoot: a) +1 shortbow
Press: ? - help, Q - select action, (/) - cycle Shift-Dir - straight line, f/p - orc priest
Aim: an orc priest, wielding a +0 club and wearing a +0 scale mail (moderately wounded, 71% to hit)
You shoot an arrow. The arrow hits the orc priest.
The orc priest is heavily wounded.
The orc priest closely misses you.
Shoot: a) +1 shortbow
Press: ? - help, Q - select action, (/) - cycle Shift-Dir - straight line, f/p - orc priest
Aim: an orc priest, wielding a +0 club and wearing a +0 scale mail (heavily wounded, 71% to hit)
You shoot an arrow.
The arrow hits the orc priest but does no damage.
The orc priest is heavily wounded.
The orc priest invokes the aid of Beogh against you.
Beogh smites you!
* * * LOW HITPOINT WARNING * * *
It was a potion of lignification.
You turn into a tree.
Your +1 cloak melds into your body.
Your +0 leather armour melds into your body.
Your roots penetrate the ground.
The orc priest hits you but does no damage.
It was a potion of attraction.
You feel attractive to monsters.
The orc priest hits you but does no damage.
It was a potion of resistance.
You feel protected.
The orc priest hits you but does no damage.
Your +0 mace of protection hums with potential!
h - a +0 mace of protection (weapon)
The orc priest hits you with a +0 club.
* * * LOW HITPOINT WARNING * * *
You hit the orc priest.
Your weapon exudes an aura of protection.
The orc priest is severely wounded.
The orc priest hits you but does no damage.
You hit the orc priest.
The orc priest is almost dead.
The orc priest mumbles some strange prayers to Beogh against you.
Beogh smites you!
You die...

).........o..#######
..........(........#
#...........#######
#......(.(..##....#
#####...........##....#
#........(......##....#
#.........########....#
#......o..# #....#
#.....♣...# #....#
#.........# #....#
#.........# #####.....
#.........# #.........
#.........# .##......
######.........####+##+##'##
#...............#.....#.....
#...........###.#.....#.....
#...........# #.'##+ +##'##


You could see an orc priest.

Vanquished Creatures
  Sigmund (D:2)
  A hound (D:3)
  An orc priest (D:3)
  Natasha (thrice) (D:2)
  Robin (D:3)
  A gnoll (D:1)
  4 adders
  2 worms
  3 dart slugs
  3 orcs
  3 endoplasms (D:1)
  5 giant cockroaches
  15 goblins
  4 hobgoblins
  14 jackals
  6 kobolds
  2 quokkas (D:3)
  12 ball pythons
  4 bats
  2 frilled lizards
  5 rats
92 creatures vanquished.

Vanquished Creatures (collateral kills)
  A hobgoblin (D:2)
1 creature vanquished.

Grand Total: 93 creatures vanquished

Notes
Turn   | Place    | Note
-------+----------+-------------------------------------------
     0 | D:1      | night the Tengu Hunter began the quest for the Orb.
     0 | D:1      | Reached XP level 1. HP: 12/12 MP: 2/2
   146 | D:1      | Reached XP level 2. HP: 17/17 MP: 3/3
   181 | D:1      | Reached skill level 5 in Bows
   528 | D:1      | Reached XP level 3. HP: 21/21 MP: 4/4
   966 | D:2      | Reached skill level 6 in Bows
   966 | D:2      | Reached XP level 4. HP: 21/26 MP: 5/5
  1274 | D:2      | Noticed Natasha
  1279 | D:2      | Killed Natasha
  1280 | D:2      | Gained mutation: Your magical nature lets you fly swiftly
                  | and evasively. [Tengu growth]
  1280 | D:2      | Reached XP level 5. HP: 30/30 MP: 6/6
  1290 | D:2      | Noticed Sigmund
  1291 | D:2      | Noticed Natasha
  1301 | D:2      | Killed Natasha
  1302 | D:2      | Reached skill level 7 in Bows
  1310 | D:2      | Killed Sigmund
  1311 | D:2      | Reached skill level 8 in Bows
  1311 | D:2      | Reached XP level 6. HP: 15/35 MP: 7/7
  1491 | D:2      | Noticed Natasha
  1505 | D:2      | Killed Natasha
  1842 | D:2      | Found a faded altar of an unknown god.
  1850 | D:2      | Prayed at the altar of an unknown god.
  1850 | D:2      | Became a worshipper of Sif Muna the Loreminder
  1850 | D:2      | Reached * piety under Sif Muna
  2123 | D:3      | Found a runed translucent gate.
  2123 | D:3      | Found a runed translucent gate.
  2123 | D:3      | Found a runed translucent gate.
  2123 | D:3      | Noticed gruber's ghost (novice DjWz)
  2399 | D:3      | Noticed Robin
  2417 | D:3      | Reached ** piety under Sif Muna
  2421 | D:3      | Reached XP level 7. HP: 38/40 MP: 8/8
  2430 | D:3      | Killed Robin
  2539 | D:3      | Found a blossoming altar of Fedhas.
  2707 | D:3      | Found a shadowy altar of Dithmenos.
  2807 | D:3      | HP: 4/40 [orc priest/divine providence (10)]
  2813 | D:3      | Killed from afar by an orc priest

Illustrated notes

Levels and vault maps discovered:
D:1:      lemuel_arrival_tunnels, layout_loops_ring,
          hangedman_decor_clover_reticule
D:2:      layout_loops_ring, dreamdust_ecumenical_altar_grove,
          kennysheep_cross_bottleneck, uniq_natasha, uniq_sigmund
D:3:      layout_basic, mainiacjoe_overflow_small_starburst,
          mainiacjoe_overflow_24_doors, ebering_ghost_rock_garden, uniq_grinder,
          uniq_robin

Skill      XL: |  1  2  3  4  5 |
---------------+----------------+-----
Bows           | 5 6 8 |  8.9
Fighting       | |  2.4
Dodging        | |  2.1
Stealth        | |  1.0

Action                   |  1- 3 |  4- 6 |  7- 9 || total
-------------------------+-------+-------+-------++-------
Melee: Mace              |       |       |     2 ||     2
 Fire: Shortbow          |    68 |   120 |    33 ||   221
Throw: Stone             |       |       |     3 ||     3
       Dart              |       |       |     2 ||     2
  Use: Potion            |       |     3 |     3 ||     6
       Scroll            |       |     4 |       ||     4
Armor: Leather armour    |    18 |    20 |     7 ||    45
       Skin              |       |       |     4 ||     4
Dodge: Dodged            |    33 |    44 |    15 ||    92

Table legend: (Time is in decaauts)
 A = Elapsed time spent in this place.
 B = Non-inter-level travel time spent in this place.
 C = Inter-level travel time spent in this place.
 D = Time resting spent in this place.
 E = Time spent auto-exploring this place.
 F = Levels seen in this place.
 G = Mean time per level.
                   A        B        C        D        E       F      G
               +--------+--------+--------+--------+--------+-----+--------+
         Total |   2766 |   2734 |     32 |     25 |   2195 |   3 |  922.0 |
       Dungeon |   2766 |   2734 |     32 |     25 |   2195 |   3 |  922.0 |
               +--------+--------+--------+--------+--------+-----+--------+

Top non-repeatable levels by time:
     D:2: 1106 daAuts
     D:1: 936 daAuts
     D:3: 723 daAuts
